 Dungeon Crawl Stone Soup version 0.18-a0-1273-g8ec5f8e (webtiles) character file.

520 namelastname112 the Shooter (level 7, 60/60 HPs)
             Began as a White Draconian Hunter on Feb 7, 2016.
             Quit the game on level 3 of the Dungeon.
             The game lasted 00:04:10 (2448 turns).

namelastname112 the Shooter (DrHu)                  Turns: 2448, Time: 00:04:10

Health: 60/60      AC:  7    Str: 15    XL:     7   Next: 1%
Magic:  7/7        EV: 13    Int: 11    God:
Gold:   62         SH:  0    Dex: 13    Spells: 0 memorised, 6 levels left

rFire  . . .     SeeInvis +     b - +0 short sword
rCold  + . .     Gourm    .     (armour unavailable)
rNeg   . . .     Faith    .     (no shield)
rPois  .         Spirit   .     (helmet restricted)
rElec  .         Dismiss  .     x - +0 cloak
rCorr  .         Reflect  .     (no gloves)
SustAt .         Harm     .     (no boots)
MR     .....                    (no amulet)
Stlth  +.........               (no ring)
                                o - ring of see invisible

@: not resistant to hostile enchantments, very unstealthy
A: breathe frost, unfitting armour, cold resistance 1, cold-blooded, AC +6
a: Breathe Frost


You were on level 3 of the Dungeon.
You were not hungry.

You visited 1 branch of the dungeon, and saw 4 of its levels.

You collected 62 gold pieces.

Inventory:

Hand Weapons
 a - a +1 shortbow
 b - a +0 short sword (weapon)
 w - a +0 longbow
Missiles
 c - 10 arrows
Armour
 x - a +0 cloak (worn)
Jewellery
 o - a ring of see invisible (left hand)
 s - an uncursed ring of ice
Wands
 r - a wand of polymorph (2/24)
Scrolls
 e - 2 scrolls of blinking {unknown}
 i - a scroll of magic mapping {unknown}
 l - 3 scrolls of identify {unknown}
 m - a scroll of fear {unknown}
 n - 2 scrolls of recharging {unknown}
 p - a scroll of enchant armour {unknown}
Potions
 f - a potion of cure mutation {unknown}
 h - 2 potions of brilliance {unknown}
 j - a potion of agility {unknown}
 k - 3 potions of heal wounds {unknown}
 q - a potion of resistance {unknown}
 t - a potion of berserk rage {unknown}
 u - a potion of haste {unknown}
 v - 3 potions of curing {unknown}
Comestibles
 d - a bread ration
 g - 3 beef jerkies
 z - a royal jelly


   Skills:
 + Level 4.4 Fighting
 * Level 6.1 Bows
 + Level 3.6 Dodging
 - Level 0.8 Stealth


You had 6 spell levels left.
You didn't know any spells.

Dungeon Overview and Level Annotations

Branches:
Dungeon (4/15)
 Temple: D:4-7

Altars:
Dithmenos
Trog


Innate Abilities, Weirdness & Mutations

You can breathe waves of freezing cold.
You can buffet flying creatures when you breathe cold.
Your icy white scales are hard (AC +6).
Your body does not fit into most forms of armour.
Your flesh is cold resistant.
You are cold-blooded and may be slowed by cold attacks.


Message History

You hit the orc priest but do no damage.
Your tail-slap misses the orc priest.
The orc priest is heavily wounded.
The orc priest hits you but does no damage.
You hit the orc priest but do no damage.
The orc priest is heavily wounded.
The orc priest hits you but does no damage.
You hit the orc priest.
You tail-slap the orc priest, but do no damage.
The orc priest is severely wounded.
The orc priest invokes the aid of Beogh against you.
You barely resist. The orc priest completely misses you.
You hit the orc priest.
You kill the orc priest!
You have reached level 7!
Your scales start taking on an icy white colour.
You feel resistant to cold.
Are you sure you want to abandon this character and quit the game? (Confirm with "yes".)
Okay, then.
Are you sure you want to abandon this character and quit the game? (Confirm with "yes".)

#............(# %##
....).....###.# .#
#....#.##.# #(# .##
#....#.##.###.# .. .
#...........#.# .#.
#......##..#.÷##..
#....####...##..# # #
.....####..###.>#####.#..?.
#.............##@)((.(...((
#..........##.##.###.......
###..#####.##.##..# $.(....
.....# #.##.###.##..#....
##...# #.##.....÷........
.....# #.######..........
##...#####.####.##....### .
#....................#
##.#####.#.####[###.....


There were no monsters in sight!

Vanquished Creatures
  An ogre (D:3)
  2 eyes of draining (D:3)
  4 orc priests (D:3)
  An orc wizard (D:3)
  6 adders
  6 orcs
  6 giant cockroaches (D:1)
  6 goblins
  11 hobgoblins
  6 jackals
  2 quokkas (D:2)
  5 bats
  3 giant newts
  6 kobolds
  7 rats
72 creatures vanquished.

Notes
Turn   | Place    | Note
--------------------------------------------------------------
     0 | D:1      | namelastname112 the Draconian Hunter began the quest for the Orb.
     0 | D:1      | Reached XP level 1. HP: 17/17 MP: 1/1
    75 | D:1      | Reached XP level 2. HP: 15/25 MP: 2/2
   171 | D:1      | Reached skill level 4 in Bows
   651 | D:2      | Reached XP level 3. HP: 30/30 MP: 3/3
  1072 | D:2      | Reached XP level 4. HP: 29/38 MP: 4/4
  1443 | D:3      | Reached skill level 5 in Bows
  1443 | D:3      | Reached XP level 5. HP: 17/45 MP: 5/5
  2044 | D:3      | Noticed an eye of draining
  2045 | D:3      | Found a bloodstained altar of Trog.
  2045 | D:3      | Noticed an eye of draining
  2066 | D:3      | Killed an eye of draining
  2066 | D:3      | Reached XP level 6. HP: 50/52 MP: 0/6
  2179 | D:3      | Reached skill level 6 in Bows
  2184 | D:4      | Found a shadowy altar of Dithmenos.
  2447 | D:3      | Reached XP level 7. HP: 60/60 MP: 7/7
  2447 | D:3      | Your scales start taking on an icy white colour.
  2447 | D:3      | Gained mutation: Your flesh is cold resistant. [White Draconian growth]
  2448 | D:3      | Quit the game

Vault maps used:
D:1:      dpeg_arrival_prison
D:3:      st_stairs_7, trog_eyes_of_draining
D:4:      old_standard_altar, tso_metal_star, kiku_gazebo_garden_becter,
          temple_fountains, first_bread, serial_shops,
          nicolae_shop_overgrown_old_shop

Action                   |  1- 3 |  4- 6 |  7- 9 || total
-------------------------+-------+-------+-------++-------
Melee: Short sword       |   132 |    79 |       ||   211
 Fire: Shortbow          |       |    65 |       ||    65
 Stab: Sleeping          |     4 |       |       ||     4
  Eat: Chunk             |       |     5 |       ||     5
